cohdb
Replays
Latest Replays
All Replays
Popular Replays
Top Player Replays
Match Explorer
How It Works
Community
CoH3 Stats
Reddit
Sign in to upload your games and track your stats! →
Sign in with Steam
Match 35770557
Unlisted
Match 35770557
Overview
Messages
Build Orders
End
Engineer Squad
Construct Barracks
1⁄4-ton 4x4 Truck
Riflemen Squad
Riflemen Squad
Riflemen Squad
Grenade Package
Mechanized Support Center
Construct Medical Station
Construct Motor Pool
M8 Greyhound Armored Car
Designate Forward Repair Station
M1 Mortar Team
M1 Anti-tank Gun Team
Construct Tank Depot
M1918 Browning Automatic Rifles
.30 cal Machine Gun
M4A1 Sherman Medium Tank
Selects Armored Battlegroup
Selects Strength in Steel
Selects Seek and Destroy
Selects UNKNOWN (2160077)
Selects Veteran Crews
Selects Field Repairs
Selects Veteran Crews
Selects M31 Recovery Vehicle
M4A3E8 Sherman Easy Eight
M1 Anti-tank Gun Team
M4A3E8 Sherman Easy Eight
Construct Weapon Support Center
Rapid Repairs
KitLKC
blind man
erikvandenwijngaard
matrix4x4
叫我白给少年
CeleTR
0
0
Comments
sign in to comment!
No comments posted yet!